 Dungeon Crawl Stone Soup version 0.19.5 (webtiles) character file.

57 Peloso the Covered (level 3, 0/33 HPs)
             Began as a Minotaur Fighter on Mar 23, 2017.
             Succumbed to a kobold's poison
             ... on level 2 of the Dungeon.
             The game lasted 00:02:35 (1042 turns).

Peloso the Covered (Minotaur Fighter)               Turns: 1042, Time: 00:02:35

Health: 0/33       AC:  7    Str: 25    XL:     3   Next: 73%
Magic:  2/2        EV:  8    Int: 10    God:
Gold:   74         SH: 10    Dex: 10    Spells: 0 memorised, 2 levels left

rFire  . . .     SeeInvis .     a - +0 long sword
rCold  . . .     Gourm    .     b - +0 scale mail
rNeg   . . .     Faith    +     c - +0 shield
rPois  .         Spirit   .     (helmet restricted)
rElec  .         Reflect  .     (no cloak)
rCorr  .         Harm     .     (no gloves)
MR     .....     Rnd*Tele +     (no boots)
Stlth  ..........               m - amulet of faith
                                (no ring)
                                e - ring of teleportation

@: mighty, brilliant, lethally poisoned (0 -> -16)
A: retaliatory headbutt, horns 2
a: no special abilities


You were on level 2 of the Dungeon.
You were hungry.

You visited 1 branch of the dungeon, and saw 2 of its levels.

You collected 74 gold pieces.

Inventory:

Hand Weapons
 a - a +0 long sword (weapon)
Armour
 b - a +0 scale mail (worn)
 c - a +0 shield (worn)
Jewellery
 e - a ring of teleportation (left hand)
 m - an amulet of faith (around neck)
Scrolls
 i - 2 scrolls of remove curse
 j - a scroll of identify
Comestibles
 f - 2 bread rations
 h - 3 fruits
 k - a meat ration
 l - 3 chunks of flesh


   Skills:
 + Level 3.9 Fighting
 + Level 2.9 Long Blades
 + Level 4.4 Armour
 + Level 1.0 Dodging
 + Level 4.2 Shields


You had 2 spell levels left.
You didn't know any spells.

Dungeon Overview and Level Annotations

Branches:
Dungeon (2/15)

Altars:
Uskayaw


Innate Abilities, Weirdness & Mutations

You reflexively headbutt those who attack you in melee.
You have a pair of horns on your head.


Message History

* * * LOW HITPOINT WARNING * * *
You feel sick.
* * * LOW HITPOINT WARNING * * *
You feel sick.
You feel very mighty all of a sudden.
* * * LOW HITPOINT WARNING * * *
You feel sick.
As you read the scroll labeled ZYSHOCRICUA, it crumbles to dust.
You feel aware of your surroundings.
It was a scroll of magic mapping.
* * * LOW HITPOINT WARNING * * *
You feel sick.
As you read the scroll labeled RILURAM HOU, it crumbles to dust.
You feel as if something is helping you.
It was a scroll of remove curse.
* * * LOW HITPOINT WARNING * * *
You feel sick.
As you read the scroll labeled VIFESI ROINU, it crumbles to dust.
It is a scroll of identify.
You don't have any unidentified items.
You die...

*,*#............#####.#
*,*###.#.#.#.#.#.......
*,* #...........#####.#
*,* ##.#.#.#.#.## #.#
*,* #..........>****#.#
*,* ##.#.#.#.#.#,,,,..#
*,* #.(.........****###
#.####†#.#.#.#,*** #
#....)@)......,,,** *#
#..(.#)#.#.#.#,*,,***#.
#.............,,,,+,...
#....#.#.#.#.#,*,,*##..
#.............,,,** ##.
###..#.#.#.#.#,*** #.
#....(......,,* #.
#.##.#,#.#.*,*** ##
*,*,,,,,,,,,,,,* #


There were no monsters in sight!

Vanquished Creatures
  2 adders (D:2)
  A dart slug (D:1)
  A leopard gecko (D:1)
  3 giant cockroaches
  3 goblins
  9 hobgoblins
  A quokka (D:2)
  2 frilled lizards
  5 kobolds
  8 rats
35 creatures vanquished.

Vanquished Creatures (others)
  5 toadstools (D:1)
5 creatures vanquished.

Grand Total: 40 creatures vanquished

Notes
Turn   | Place    | Note
-------+----------+-------------------------------------------
     0 | D:1      | Peloso the Minotaur Fighter began the quest for the Orb.
     0 | D:1      | Reached XP level 1. HP: 19/19 MP: 0/0
   284 | D:1      | Reached XP level 2. HP: 24/27 MP: 1/1
   797 | D:2      | Noticed a hand axe
   858 | D:2      | Reached XP level 3. HP: 23/33 MP: 2/2
   945 | D:2      | Noticed a hand axe
   947 | D:2      | Found a hide-covered altar of Uskayaw.
  1013 | D:2      | Reached skill level 1 in Dodging
  1042 | D:2      | Succumbed to a kobold's poison

Skill      XL: |  1  2  3 |
---------------+----------+-----
Armour         | 4 |  4.4
Shields        | 4 |  4.2
Dodging        | 1 |  1.0
Fighting       | |  3.9
Long Blades    | |  2.9

Action                   || total
-------------------------++-------
Melee: Long sword        ||    96
       Headbutt          ||    16
  Use: Scroll            ||     3
       Potion            ||     2
Armor: Scale mail        ||    43
Dodge: Dodged            ||    40
Block: Shield            ||    52
       Rpst.: Long sword ||    15
